 Dungeon Crawl Stone Soup version 0.24.0-123-gd5b16e6ec5 (webtiles) character file.

Game seed: 9346419085539985447, levelgen mode: deterministic

2106 Curus the Cleaver (level 9, -2/70 HPs)
             Began as a Hill Orc Abyssal Knight on Dec 24, 2019.
             Was an Elder of Lugonu.
             Killed by divine providence
             ... invoked by an orc priest
              (12 damage)
             ... on level 7 of the Dungeon.
             The game lasted 00:33:00 (5092 turns).

Curus the Cleaver (Hill Orc Abyssal Knight)         Turns: 5092, Time: 00:33:01

Health: -2/70      AC:  8    Str: 15    XL:     9   Next: 28%
Magic:  16/16      EV:  6    Int: 12    God:    Lugonu [****..]
Gold:   340        SH:  0    Dex: 13    Spells: 8/8 levels left

rFire    . . .     SeeInvis .   t - +2 battleaxe
rCold    . . .     Gourm    .   (shield currently unavailable)
rNeg     . . .     Faith    .   s - +2 chain mail of Servitude {-Cast Regen+ Slay+5 Stlth+}
rPois    .         Spirit   .   (no helmet)
rElec    .         Reflect  .   r - +0 cloak
rCorr    .         Harm     .   e - +0 pair of gloves
MR       .....     NoCast   +   (no boots)
Stlth    ..........             (no amulet)
HPRegen  0.61/turn              (no ring)
MPRegen  0.15/turn              (no ring)

@: lightly drained
A: claws 1, blink, deformed body
a: Blink, Depart the Abyss, Bend Space, Banish, Corrupt, Renounce Religion,
Convert to Beogh


You were on level 7 of the Dungeon.
You worshipped Lugonu.
Lugonu was greatly pleased with you.
You were not hungry.

You visited 1 branch of the dungeon, and saw 7 of its levels.
You visited the Abyss 1 time.
You also visited: Sewer.

You collected 340 gold pieces.

Inventory:

Hand Weapons
 a - a +3 hand axe
 o - a +3 hand axe of electrocution
 t - a +2 battleaxe (weapon)
Armour
 b - a +0 leather armour
 d - a scarf of cloud immunity
 e - a +0 pair of gloves (worn)
 g - a +0 scale mail
 k - +0 acid dragon scales
 r - a +0 cloak (worn)
 s - the +2 chain mail of Servitude (worn) {-Cast Regen+ Slay+5 Stlth+}
   (You found it on level 5 of the Dungeon)

   It affects your accuracy and damage with ranged weapons and melee attacks
   (+5).
   It prevents spellcasting.
   It increases your rate of regeneration.
   It makes you more stealthy.
Wands
 u - a wand of enslavement (14)
Scrolls
 h - 3 scrolls of remove curse
 i - 4 scrolls of teleportation
 j - 6 scrolls of identify
 l - 2 scrolls of amnesia
 w - a scroll of enchant weapon
Potions
 f - 6 potions of flight
 m - a potion of curing
 n - a potion of heal wounds
 p - 2 potions of magic
 q - a potion of brilliance
Comestibles
 c - 8 rations
 v - 3 chunks of flesh


   Skills:
 - Level 3.6(3.0) Fighting
 + Level 12.0(11.4) Axes
 - Level 2.1(1.6) Armour
 - Level 0.7(0.2) Dodging
 - Level 10.1(9.4) Invocations


You had 8 spell levels left.
You didn't know any spells.
Your spell library contained the following spells:

 Spells                   Type           Power        Failure   Level  Hunger
 Corona                   Hex            #......      100%        1    ##.....
 Ensorcelled Hibernation  Hex/Ice        #.....       100%        2    ###....
 Confuse                  Hex            #.......     100%        3    ####...
 Dazzling Spray           Conj/Hex       #.....       100%        3    ####...
 Tukima's Dance           Hex            #.......     100%        3    ####...


Dungeon Overview and Level Annotations

Branches:
Dungeon (7/15)             Temple (0/1) D:4           Sewer (visited)

Altars:
Nemelex Xobeh
Okawaru
Sif Muna
Trog


Innate Abilities, Weirdness & Mutations

You have sharp fingernails.
You can translocate small distances at will.
Armour fits poorly on your strangely shaped body.


Message History

You slice the orc warrior!!
You kill the orc warrior!
Lugonu accepts your kill.
Your base Axes skill increases to level 12!
You slash the orc priest!
The orc priest hits you with a +0 flail.
* * * LOW HITPOINT WARNING * * *
You barely miss the orc priest.
The orc priest is severely wounded.
The orc priest hits you with a +0 flail.
* * * LOW HITPOINT WARNING * * *
You hit the orc priest.
The orc priest is almost dead.
The orc priest completely misses you.
You barely miss the orc priest.
The orc priest shouts, "Join the one true god or die!"
The orc priest is almost dead.
The orc priest mumbles some strange prayers to Beogh against you.
Beogh smites you!
You die...

.......#+####....#
#...##....#
#.........#
+.........#
######....# #....#
#....# #....#
#.@..# #.)o.#
#....# #....#
+....# #....#
#....# #....#


You could see an orc priest.

Vanquished Creatures
  A hippogriff (D:7)
  A sky beast (D:5)
  An orc warrior (D:7)
  An ice beast (D:5)
  An ogre (D:4)
  4 centaurs
  Blork the orc (D:6)
  A bullfrog (D:6)
  2 scorpions (D:6)
  2 killer bees (D:6)
  4 wights (D:7)
  5 crimson imps
  A bullfrog zombie (D:5)
  3 hounds
  A quasit (D:5)
  2 jellies (D:6)
  An orc priest (D:7)
  2 worker ants
  A howler monkey skeleton (D:6)
  5 adders
  2 shadow imps
  7 oozes
  An adder zombie (D:3)
  An adder skeleton (D:4)
  7 worms
  2 dart slugs
  8 leopard geckos
  22 orcs
  12 giant cockroaches
  11 goblins
  9 hobgoblins
  10 jackals
  11 bats
  9 frilled lizards
  6 kobolds
  5 rats
163 creatures vanquished.

Vanquished Creatures (others)
  A jelly (D:5)
1 creature vanquished.

Grand Total: 164 creatures vanquished

Notes
Turn   | Place    | Note
-------+----------+-------------------------------------------
     0 | Abyss:1  | Curus the Hill Orc Abyssal Knight began the quest for the
                  | Orb.
     0 | Abyss:1  | Reached XP level 1. HP: 19/19 MP: 2/2
   152 | D:1      | Escaped the Abyss
   167 | D:1      | Reached skill level 3 in Axes
   194 | D:1      | Reached XP level 2. HP: 21/26 MP: 4/4
   344 | D:1      | Found an iron altar of Okawaru.
   591 | D:1      | Reached ** piety under Lugonu
   688 | D:2      | Found a shimmering blue altar of Sif Muna.
   708 | D:2      | Reached XP level 3. HP: 31/31 MP: 5/5
   868 | D:2      | Reached skill level 4 in Axes
   908 | D:2      | Reached XP level 4. HP: 33/39 MP: 7/7
  1299 | D:3      | Found a glowing drain.
  1329 | Sewer    | Entered a sewer
  1338 | Sewer    | Reached skill level 5 in Axes
  1361 | Sewer    | Reached XP level 5. HP: 31/45 MP: 8/8
  1374 | Sewer    | Reached *** piety under Lugonu
  1485 | Sewer    | Reached skill level 5 in Invocations
  1964 | D:3      | Gained mutation: Armour fits poorly on your strangely
                  | shaped body. [potion of mutation]
  1964 | D:3      | Gained mutation: You have sharp fingernails. [potion of
                  | mutation]
  1964 | D:3      | Gained mutation: You can translocate small distances at
                  | will. [potion of mutation]
  2513 | D:3      | Reached **** piety under Lugonu
  2846 | D:4      | Reached XP level 6. HP: 48/51 MP: 10/10
  2944 | D:4      | Reached skill level 6 in Axes
  3357 | D:4      | Found a staircase to the Ecumenical Temple.
  3517 | D:5      | Entered Level 5 of the Dungeon
  3532 | D:5      | Reached skill level 7 in Axes
  3532 | D:5      | Reached XP level 7. HP: 55/57 MP: 10/12
  3603 | D:5      | Got a jewelled chain mail
  3624 | D:5      | Identified the +2 chain mail of Servitude {-Cast Regen+
                  | Slay+5 Stlth+} (You found it on level 5 of the Dungeon)
  3653 | D:5      | Reached skill level 8 in Axes
  3762 | D:5      | Found a bloodstained altar of Trog.
  4091 | D:6      | Reached XP level 8. HP: 49/64 MP: 14/14
  4119 | D:6      | Found a sparkling altar of Nemelex Xobeh.
  4148 | D:6      | Reached skill level 9 in Axes
  4198 | D:6      | Noticed Blork the orc
  4209 | D:6      | Killed Blork the orc
  4698 | D:6      | Reached skill level 10 in Axes
  4698 | D:6      | Reached skill level 10 in Invocations
  4781 | D:7      | Noticed a hippogriff
  4787 | D:7      | Killed a hippogriff
  4787 | D:7      | Reached skill level 11 in Axes
  4787 | D:7      | Reached XP level 9. HP: 43/70 MP: 16/16
  5089 | D:7      | Reached skill level 12 in Axes
  5092 | D:7      | Killed from afar by an orc priest

Levels and vault maps discovered:
D:1:      saegor_arrival_simple_c, layout_basic, minmay_misc_feat_pillars,
          st_stairs_7, minmay_misc_feat_more_columns, okawaru_ov_weapons_minmay
D:2:      layout_loops_ring, old_standard_altar
D:3:      layout_loops_ring, portal_sewer_entry_f, kennysheep_nondescript
D:4:      layout_basic, minmay_temple_entry_from_below_a, first_ration,
          minmay_goblin_outpost
D:5:      layout_cave_pools, minmay_misc_feat_iff, trog_book
D:6:      layout_basic, nemelex_altar_shiori, uniq_blork_the_orc
D:7:      layout_gridville, uniq_joseph

Skill      XL: |  1  2  3  4  5  6  7  8  9 |
---------------+----------------------------+-----
Axes           | 3 4 5 7 8 11 12 | 12.0
Invocations    | 3 4 5 6 8 10 | 10.1
Fighting       | |  3.6
Armour         | |  2.1
Dodging        | |  0.7

Action                   |  1- 3 |  4- 6 |  7- 9 || total
-------------------------+-------+-------+-------++-------
Melee: Hand axe          |    98 |   266 |   128 ||   492
       Battleaxe         |       |       |    14 ||    14
  Use: Scroll            |     4 |     3 |     2 ||     9
       Potion            |     1 |    11 |     1 ||    13
  Eat: Chunk             |       |     9 |     5 ||    14
Armor: Leather armour    |    15 |       |       ||    15
       Scale mail        |    16 |       |       ||    16
       Acid dragon scale |     9 |    89 |     1 ||    99
       Chain mail        |       |       |    41 ||    41
Dodge: Dodged            |    47 |   169 |    37 ||   253
